 Dungeon Crawl Stone Soup version 0.30-a0-458-g86641cc369 (webtiles) character file.

Game seed: 6439771674305360399

1354 Jeffwins the Covered (level 8, -9/61 (66) HPs)
             Began as an Armataur Wanderer on Dec 14, 2022.
             Killed from afar by Maggie (23 damage)
             ... with a bolt of fire
             ... on level 6 of the Dungeon.
             The game lasted 00:10:57 (6172 turns).

Jeffwins the Covered (Armataur Wanderer)            Turns: 6172, Time: 00:10:57

HP:   -9/61 (66)    AC:  6    Str: 18    XL:     8   Next: 37%
MP:   2/13          EV:  9    Int: 16    God:
Gold: 204           SH:  0    Dex:  8    Spells: 7/13 levels left

rFire   . . .      SeeInvis .    c - +5 halberd of Discord {protect, *Noise rPois rC+}
rCold   + + .      Faith    .    (shield currently unavailable)
rNeg    . . .      Spirit   .    x - +0 leather armour
rPois   +          Reflect  .    (no helmet)
rElec   .          Harm     .    (no cloak)
rCorr   .          Roll     +    l - +0 pair of gloves
Will    .....                    (no barding)
Stlth   ++........               (no amulet)
HPRegen 0.30/turn                C - ring of protection from cold
MPRegen 0.13/turn                (no ring)

@: very slightly contaminated, drained
A: large, rugged brown scales 3, deformed body, armoured tail, roll, long
tongue, awkward tongue
a: no special abilities


You were on level 6 of the Dungeon.
You visited 1 branch of the dungeon, and saw 6 of its levels.

You collected 393 gold pieces.
You spent 189 gold pieces at shops.


Innate Abilities, Weirdness & Mutations

You are completely covered in rugged brown scales. (AC +3, +7% HP)
Armour fits poorly on your strangely shaped body.
You have a long armoured tail.
You roll when moving toward enemies. (Rampage)
Your long tongue fully drains potion bottles. (2x potion effects)
Your tongue gives you trouble enunciating. (1.5x scroll delay)


   Skills:
 + Level 2.5 Fighting
 * Level 2.5 Polearms
 + Level 1.6 Throwing
 - Level 4.0 Armour
 + Level 3.2 Stealth
 - Level 1.0 Shields
 * Level 3.3 Spellcasting
 * Level 3.1 Transmutations
 * Level 2.8 Fire Magic
 * Level 2.5 Air Magic
 * Level 4.0 Poison Magic
 - Level 1.0 Invocations
 + Level 1.8 Evocations


You had 7 spell levels left.
You knew the following spells:

 Your Spells              Type           Power      Damage    Failure   Level
p - Sting                 Tmut/Pois      56%        1d5       4%          1
x - Ignite Poison         Fire/Tmut/Pois 13%        N/A       16%         3
z - Poisonous Vapours     Pois/Air       26%        N/A       9%          2

Your spell library contained the following spells:

 Spells                   Type           Power      Damage    Failure   Level
 Cigotuvi's Dreadful Rot  Necr/Pois/Air  18%        N/A       13%         2
 Passwall                 Tmut/Erth      5%         N/A       17%         2
 Swiftness                Air            10%        N/A       22%         3
 Mephitic Cloud           Conj/Pois/Air  9%         N/A       26%         3
 Ensorcelled Hibernation  Hex/Ice        4%         N/A       32%         2
 Inner Flame              Hex/Fire       7%         N/A       36%         3
 Olgreb's Toxic Radiance  Pois           15%        N/A       38%         4
 Cause Fear               Hex            1%         N/A       91%         4
 Discord                  Hex            1%         N/A       100%        8

Inventory:

Hand Weapons
 c - the +5 halberd of Discord (weapon) {protect, *Noise rPois rC+}
   (You bought it in a shop on level 1 of the Dungeon)

   It grants its wielder temporary protection when it strikes (+7 to AC).
   rC:        It protects you from cold.
   rPois:     It protects you from poison.
   *Noise:    It may make noises in combat.
 e - a +2 war axe of freezing
 m - a +0 spear of venom
Missiles
 A - 14 poisoned darts
 B - a curare-tipped dart {=f}
Armour
 b - a +0 ring mail
 j - a +0 buckler
 l - a +0 pair of gloves (worn)
 t - a +0 robe of cold resistance
 x - a +0 leather armour (worn)
Jewellery
 C - a ring of protection from cold (left hand)
Wands
 q - a wand of flame (21)
Scrolls
 f - a scroll of torment {unknown}
 g - 5 scrolls of teleportation {@r4}
 h - a scroll of fear {unknown}
 i - 5 scrolls of magic mapping
 n - a scroll of enchant weapon
 p - 2 scrolls of poison {unknown}
 v - a scroll of silence {unknown}
 y - a scroll of immolation {!r}
 z - a scroll of blinking
 D - a scroll of fog
Potions
 a - a potion of degeneration {unknown}
 d - 2 potions of might {unknown}
 k - 4 potions of flight
 o - 3 potions of cancellation {unknown}
 r - a potion of curing {@q1}
 s - 3 potions of heal wounds {@q2}
 u - a potion of berserk rage {unknown}
 w - a potion of mutation {unknown}

Dungeon Overview and Level Annotations

Branches:
Dungeon (6/15)
 Temple: D:4-7

Altars:

Shops:
D:1 (   D:6 (

Annotations:
D:6 Maggie, Sigmund

# )# ..#
#.# ###..#
#... ##.#
#o@# #)##
.....[@.#
...
.....####
.. .{..
..# .. ...
#... .#
#..####...
#.#
....#.....
##..#
.#.#...
#..###..#


You could see Maggie and an orc.


Message History

Aim: Maggie, wielding a +0 glaive of draining and wearing +0 steam dragon scales (almost dead, 71% to hit)
The puff of flame hits the orc!
You kill the orc!
The orc hits you but does no damage. Maggie gestures at you while chanting.
The bolt of fire hits you!!
* * * LOW HITPOINT WARNING * * *
Aiming: Throw Flame
Press: ? - help, Shift-Dir - straight line, f/p - Maggie
Aim: Maggie, wielding a +0 glaive of draining and wearing +0 steam dragon scales (almost dead, 71% to hit)
The puff of flame hits Maggie.
Maggie is almost dead.
Maggie hits you from afar with a +0 glaive of draining.
* * * LOW HITPOINT WARNING * * *
You feel drained.
* * * LOW HITPOINT WARNING * * *
The orc barely misses you.
Unknown command.
Aiming: Throw Flame
Press: ? - help, Shift-Dir - straight line, f/p - Maggie
Aim: Maggie, wielding a +0 glaive of draining and wearing +0 steam dragon scales (almost dead, 71% to hit)
The puff of flame hits Maggie.
Maggie is almost dead.
Maggie barely misses you. The orc barely misses you.
Sigmund mumbles some strange words.
Sigmund flickers and vanishes!
Deactivating autopickup; reactivate with Ctrl-A.
Maggie casts a spell at you. The bolt of fire hits you!!
You die...

Skill      XL: |  1  2  3  4  5  6  7  8 |
---------------+-------------------------+-----
Poison Magic   | 2 3 4 |  4.0
Stealth        | 1 2 3 |  3.2
Armour         | 4 |  4.0
Transmutations | 1 2 3 |  3.1
Spellcasting   | 2 3 |  3.3
Fire Magic     | 1 2 |  2.8
Shields        | 1 |  1.0
Air Magic      | 1 2 |  2.5
Evocations     | 1 |  1.8
Fighting       | 2 |  2.5
Polearms       | 2 |  2.5
Throwing       | |  1.6
Invocations    | |  1.0

Action                   |  1- 3 |  4- 6 |  7- 9 || total
-------------------------+-------+-------+-------++-------
Melee: Spear             |    54 |    43 |       ||    97
       Tailslap          |     7 |     3 |     7 ||    17
       Halberd           |       |    56 |    62 ||   118
 Cast: Sting             |    38 |    15 |       ||    53
       Poisonous Vapours |       |    11 |    23 ||    34
       Ignite Poison     |       |       |     4 ||     4
Evoke: Wand              |       |     5 |     9 ||    14
  Use: Potion            |       |     2 |     2 ||     4
       Scroll            |       |       |     7 ||     7
 Stab: Sleeping          |       |     2 |     1 ||     3
Armor: Ring mail         |    32 |    15 |       ||    47
       Robe              |       |    19 |       ||    19
       Leather armour    |       |    11 |    38 ||    49
Dodge: Dodged            |    32 |    30 |    52 ||   114
Block: Buckler           |     9 |     6 |       ||    15

Levels and vault maps discovered:
D:1:      giann_bridges, layout_basic, serial_shops, shop, serial_bayou_crossing
D:2:      layout_basic
D:3:      layout_loops_ring, minmay_unequal, uniq_ijyb
D:4:      layout_basic, kennysheep_generic_room_8
D:5:      layout_loops_ring, serial_aquarium, aquarium_bridge_square
          [aquarium_subvault_bridge, aquarium_subvault_wall,
          aquarium_subvault_bridge, aquarium_subvault_bridge],
          aquarium_bridge_square [aquarium_subvault_balcony,
          aquarium_subvault_bridge, aquarium_subvault_bridge,
          aquarium_subvault_wall], aquarium_window_corner, aquarium_window_3,
          aquarium_window_corner, aquarium_window_fake, aquarium_view_2d,
          aquarium_pool_double, minmay_misc_feat_ornament, kennysheep_dice
D:6:      layout_rooms, serial_shops, kennysheep_mini_moat, uniq_maggie,
          uniq_sigmund, uniq_menkaure, uniq_edmund

Notes
Turn   | Place    | Note
-------+----------+-------------------------------------------
     0 | D:1      | Jeffwins the Armataur Wanderer began the quest for the Orb.
     0 | D:1      | Jeffwins set off with the following items: a +0 spear, a +0
                  | ring mail, a potion of curing {@q1}; and the following
                  | spell memorised: Sting; and the following spells available
                  | to memorise: Ignite Poison, Olgreb's Toxic Radiance.
     0 | D:1      | Reached XP level 1. HP: 17/17 MP: 2/2
   135 | D:1      | Found Nupi's Antique Weapon Emporium.
   140 | D:1      | Reached skill level 2 in Poison Magic
   142 | D:1      | Reached XP level 2. HP: 14/24 MP: 0/3
   914 | D:2      | Reached skill level 1 in Stealth
   914 | D:2      | Reached XP level 3. HP: 29/29 MP: 1/5
   918 | D:2      | Learned a level 3 spell: Ignite Poison
  1492 | D:2      | Reached XP level 4. HP: 37/37 MP: 4/6
  1561 | D:2      | Reached skill level 4 in Armour
  1741 | D:2      | Reached skill level 1 in Transmutations
  2045 | D:3      | Reached skill level 2 in Spellcasting
  2139 | D:3      | Noticed Ijyb
  2166 | D:3      | Killed Ijyb
  2167 | D:3      | Reached XP level 5. HP: 18/42 MP: 2/8
  2273 | D:1      | Bought an encrusted halberd for 189 gold pieces
  2273 | D:1      | Identified the +5 halberd of Discord {protect, *Noise rPois
                  | rC+} (You bought it in a shop on level 1 of the Dungeon)
  2532 | D:3      | Learned a level 2 spell: Poisonous Vapours
  2606 | D:3      | You fall into a shaft and drop 3 floors!
  2626 | D:5      | Entered Level 5 of the Dungeon
  2630 | D:5      | Reached skill level 1 in Fire Magic
  2651 | D:5      | Noticed an ice beast
  2656 | D:5      | Killed an ice beast
  2657 | D:5      | Reached skill level 1 in Shields
  2657 | D:5      | Reached skill level 3 in Poison Magic
  2657 | D:5      | Reached XP level 6. HP: 51/51 MP: 9/9
  2679 | D:4      | Reached skill level 2 in Stealth
  2679 | D:4      | Reached skill level 1 in Air Magic
  2814 | D:4      | Reached skill level 2 in Transmutations
  3845 | D:4      | Reached skill level 1 in Evocations
  4395 | D:5      | Reached XP level 7. HP: 39/56 MP: 0/10
  4498 | D:5      | Reached skill level 2 in Fighting
  4607 | D:5      | Reached skill level 2 in Fire Magic
  4628 | D:5      | Reached skill level 2 in Polearms
  4980 | D:5      | Reached skill level 3 in Spellcasting
  4980 | D:5      | Reached skill level 2 in Air Magic
  5429 | D:5      | Reached XP level 8. HP: 48/66 MP: 12/12
  5434 | D:5      | Reached skill level 3 in Stealth
  5492 | D:5      | Reached skill level 3 in Transmutations
  5723 | D:6      | Reached skill level 4 in Poison Magic
  5811 | D:6      | Found Lixe's Antique Weapon Shoppe.
  5880 | D:6      | Noticed Maggie
  6082 | D:6      | Noticed Sigmund
  6172 | D:6      | Killed from afar by Maggie

Vanquished Creatures
  A water moccasin (D:5)
  2 ice beasts (D:5)
  An ogre (D:5)
  A kobold brigand (D:4)
  A phantom (D:5)
  2 scorpions
  4 necrophages
  2 hounds (D:5)
  A jelly (D:6)
  4 iguanas (D:5)
  Ijyb (D:3)
  An orc wizard (D:6)
  7 adders
  6 gnolls
  3 shadow imps (D:5)
  An ufetubus (D:6)
  4 dart slugs
  7 orcs
  5 endoplasms
  8 goblins
  6 hobgoblins
  4 jackals (D:3)
  9 kobolds
  2 quokkas (D:1)
  6 ball pythons
  7 bats
  3 frilled lizards
  8 rats
107 creatures vanquished.

Vanquished Creatures (others)
  7 fungi (D:5)
  A plant (D:1)
8 creatures vanquished.

Grand Total: 115 creatures vanquished

Table legend: (Time is in decaauts)
 A = Elapsed time spent in this place.
 B = Non-inter-level travel time spent in this place.
 C = Inter-level travel time spent in this place.
 D = Time resting spent in this place.
 E = Time spent auto-exploring this place.
 F = Levels seen in this place.
 G = Mean time per level.
                   A        B        C        D        E       F      G
               +--------+--------+--------+--------+--------+-----+--------+
         Total |   6232 |   5960 |    272 |    212 |   4813 |   6 | 1038.7 |
       Dungeon |   6232 |   5960 |    272 |    212 |   4813 |   6 | 1038.7 |
               +--------+--------+--------+--------+--------+-----+--------+

Top non-repeatable levels by time:
     D:5: 1646 daAuts
     D:2: 1272 daAuts
     D:4: 1211 daAuts
     D:3: 947 daAuts
     D:1: 903 daAuts
     D:6: 251 daAuts

Table legend:
 A = Non-vault XP
 B = Vault XP
 C = Vault XP percentage of total XP
 D = Non-vault monster count
 E = Vault monster count
 F = Vault count percentage of total count
                 A         B        C        D         E       F
            +---------+---------+-------+---------+---------+-------
      Total |    1727 |     208 |  10.7 |     101 |       6 |   5.6
            +---------+---------+-------+---------+---------+-------
        D:1 |      32 |       0 |   0.0 |      20 |       0 |   0.0
        D:2 |     128 |       0 |   0.0 |      27 |       0 |   0.0
        D:3 |      26 |      40 |  60.6 |      14 |       3 |  17.6
        D:4 |     327 |       4 |   1.2 |      13 |       1 |   7.1
        D:5 |    1000 |     164 |  14.1 |      18 |       2 |  10.0
        D:6 |     214 |       0 |   0.0 |       9 |       0 |   0.0
            +---------+---------+-------+---------+---------+-------
